 Dungeon Crawl Stone Soup version 0.31.0-12-g77e489cdc1 (webtiles) character file.

Game seed: 14679213736713808691

66 stipulation the Grave Robber (level 4, -6/21 HPs)
             Began as a Vine Stalker Necromancer on Feb 13, 2024.
             Blown up by Ijyb (15 damage)
             ... with a mindburst bolt
             ... on level 2 of the Dungeon.
             The game lasted 00:02:26 (1764 turns).

stipulation the Grave Robber (VSNe)                 Turns: 1764, Time: 00:02:26

Health: -6/21      AC:  3    Str: 10    XL:     4   Next: 15%
Magic:  0/10       EV: 12    Int: 17    God:
Gold:   121        SH:  0    Dex: 15    Spells: 9/10 levels left

rFire   . . .        r - +0 short sword (speed)
rCold   . . .        (no shield)
rNeg    . . .        a - +0 robe
rPois   .            (no helmet)
rElec   .            f - +0 cloak
rCorr   .            (no gloves)
SInv    .            (no boots)
Will    .....        (no amulet)
Stlth   ++           (no ring)
HPRegen 1.03/turn    (no ring)
MPRegen 0.12/turn

%: guardian spirit
@: no status effects
A: fangs 2, regeneration 1, magic shield, antimagic bite, no potion heal 2
a: no special abilities


You were on level 2 of the Dungeon.
You visited 1 branch of the dungeon, and saw 3 of its levels.

You collected 121 gold pieces.

Inventory:

Hand Weapons
 e - a +0 dagger
 g - a +0 short sword
 r - a +0 short sword of speed (weapon)
Armour
 a - a +0 robe (worn)
 f - a +0 cloak (worn)
Scrolls
 c - 3 scrolls of identify {unknown}
 k - 2 scrolls of revelation {unknown}
 m - a scroll of vulnerability {unknown}
 n - 3 scrolls of teleportation {unknown}
 q - a scroll of immolation {unknown}
Potions
 b - a potion of magic
 d - a potion of curing {unknown}
 h - a potion of mutation {unknown}
 i - a potion of heal wounds {unknown}
 j - a potion of invisibility {unknown}
 l - a potion of enlightenment {unknown}
 o - a potion of might {unknown}
 p - a potion of brilliance {unknown}


   Skills:
 - Level 1.5 Dodging
 - Level 2.4 Stealth
 + Level 3.5 Spellcasting
 + Level 4.8 Necromancy


You had 9 spell levels left.
You knew the following spells:

 Your Spells              Type           Power      Damage    Failure   Level
a - Necrotise             Necr           76%        1d7       2%          1

Your spell library contained the following spells:

 Spells                   Type           Power      Damage    Failure   Level
 Vampiric Draining        Necr           19%        2d7       7%          3
 Animate Dead             Necr           19%        N/A       22%         4
 Curse of Agony           Necr           19%        N/A       54%         5


Dungeon Overview and Level Annotations

Branches:
Dungeon (3/15)

Altars:

Annotations:
D:2 Ijyb
D:3 Robin


Innate Abilities, Weirdness & Mutations

You have extremely sharp teeth.
Your natural rate of healing is unusually fast.
When hurt, damage is shared between your health and your magic reserves.
Your bite disrupts and absorbs the magic of your enemies.
Potions cannot restore your health.


Message History

You climb upwards.
There is a stone staircase leading down here.
You barely miss Ijyb. Your punch misses Ijyb. You completely miss Ijyb.
Your bite misses Ijyb.
Ijyb zaps a wand.
Your mind is blasted!
You are too injured to fight recklessly!
You are too injured to fight recklessly!
You are too injured to fight recklessly!
You are too injured to fight recklessly!
You are too injured to fight recklessly!
You are too injured to fight recklessly!
You are too injured to fight recklessly!
You are too injured to fight recklessly!
You are too injured to fight recklessly!
You are too injured to fight recklessly!
You are too injured to fight recklessly!
You are too injured to fight recklessly!
You are too injured to fight recklessly!
You are too injured to fight recklessly!
You are too injured to fight recklessly!
You are too injured to fight recklessly!
You are too injured to fight recklessly!
You are too injured to fight recklessly!
You are too injured to fight recklessly!
You are too injured to fight recklessly!
Casting: Necrotise (safe; 2% risk of failure)
Confirm with . or Enter, or press ? or * to list all spells.
Aiming: Necrotise (safe; 2% risk of failure)
Press: ? - help, Shift-Dir - straight line, f - Ijyb
Aim: Ijyb, wielding a +0 club, wearing a +0 leather armour and carrying a wand of mindburst (strong, chance to affect: 84%) Ijyb writhes in agony.
Ijyb no longer looks unusually strong.
Ijyb zaps a wand.
Your mind is blasted!
Casting: Necrotise (safe; 2% risk of failure)
Confirm with . or Enter, or press ? or * to list all spells.
Aiming: Necrotise (safe; 2% risk of failure)
Press: ? - help, Shift-Dir - straight line, f/p - Ijyb
Aim: Ijyb, wielding a +0 club, wearing a +0 leather armour and carrying a wand of mindburst (lightly wounded, chance to affect: 84%) Ijyb writhes in agony.
Ijyb zaps a wand.
Your mind is blasted!
Ouch! That really hurt!
You die...

######<## #.............## #..#
♣♣♣♣ ####.......#..##
##.♣♣P♣.♣♣♣######.>....#....
#.♣.PP........##........###
#.♣.PP.P♣♣<...##........... ####
#♣♣.PP.♣♣♣....##.......)... ...#
##.....♣♣♣...........#####.. ...#
#.......♣......##...##...##.
...###.♣♣♣♣♣♣...@...#...##.....##
........♣♣♣♣.....g......#.......#
......................###.......#
....####.##.........### #.......#
♣...# ##..#.......### ##.....##
....# #....)......# #####...##
♣...# #...........#####...##'####
....# #...##..#.......#.#........
♣#..####.##...###..##............


You could see Ijyb.

Vanquished Creatures
  An adder (D:2)
  4 dart slugs
  4 bats
  2 endoplasms (D:2)
  4 giant cockroaches
  4 goblins
  3 hobgoblins
  5 jackals
  6 kobolds
  2 quokkas
  5 ball pythons
  A frilled lizard (D:1)
  4 rats (D:1)
45 creatures vanquished.

Vanquished Creatures (collateral kills)
  A kobold (D:1)
1 creature vanquished.

Grand Total: 46 creatures vanquished

Notes
Turn   | Place    | Note
-------+----------+-------------------------------------------
     0 | D:1      | stipulation the Vine Stalker Necromancer began the quest
                  | for the Orb.
     0 | D:1      | Reached XP level 1. HP: 9/9 MP: 4/4
   124 | D:1      | Reached XP level 2. HP: 7/13 MP: 1/6
   527 | D:1      | Reached XP level 3. HP: 15/16 MP: 3/8
  1435 | D:2      | Reached XP level 4. HP: 21/21 MP: 7/10
  1743 | D:3      | Noticed Ijyb
  1757 | D:3      | Noticed Robin
  1764 | D:2      | Blown up by Ijyb

Illustrated notes

Levels and vault maps discovered:
D:1:      grunt_arrival_crossed_arrows, layout_rooms, feat_on_display
D:2:      kennysheep_six_static_rooms, layout_rooms, serial_forest,
          infiniplex_forest_clump_curved, infiniplex_forest_clump_long,
          infiniplex_forest_clump_double, infiniplex_forest_end_double,
          infiniplex_forest_zigzag_1, infiniplex_forest_lined_room_2,
          serial_bayou_pond_b
D:3:      layout_basic, nicolae_goblin_pals, uniq_sigmund

Skill      XL: |  1  2 |
---------------+-------+-----
Spellcasting   | 3 |  3.5
Dodging        | |  1.5
Stealth        | |  2.4
Necromancy     | |  4.8

Action                     |  1- 3 |  4- 6 || total
---------------------------+-------+-------++-------
  Melee: Unarmed           |    20 |       ||    20
         Bite              |    27 |     6 ||    33
         Short sword       |    45 |    25 ||    70
         Dagger            |     4 |       ||     4
         Punch             |     3 |       ||     3
   Cast: Necrotise         |    49 |     7 ||    56
 Armour: Robe              |    43 |    12 ||    55
  Dodge: Dodged            |    54 |    15 ||    69
